 Dungeon Crawl Stone Soup version 0.29-a0-495-g17b79114eb (webtiles) character file.

Game seed: 5447420497887097846

53 hquester the Insei (level 3, -1/24 HPs)
             Began as an Octopode Transmuter on May 27, 2022.
             Slain by Sigmund
             ... wielding a +0 scythe
              (12 damage)
             ... on level 2 of the Dungeon.
             The game lasted 00:06:27 (1756 turns).

hquester the Insei (Octopode Transmuter)            Turns: 1756, Time: 00:06:28

Health: -1/24      AC:  1    Str:  9    XL:     3   Next: 87%
Magic:  6/6        EV: 13    Int: 17    God:
Gold:   46         SH:  0    Dex: 12    Spells: 5/6 levels left

rFire   . . .      SeeInvis .     - Unarmed
rCold   . . .      Faith    .   (no shield)
rNeg    . . .      Spirit   .   (helmet currently unavailable)
rPois   .          Reflect  .   (no amulet)
rElec   .          Harm     .   (no ring)
rCorr   .          Rampage  .   (no ring)
Will    .....                   (no ring)
Stlth   ++........              (no ring)
HPRegen 0.08/turn               (no ring)
MPRegen 0.10/turn               (no ring)
                                (no ring)
                                (no ring)

@: appendages (expiring)
A: tentacle spike 3, almost no armour, amphibious, 8 rings, camouflage 1,
gelatinous body 1, (nimble swimmer 1), tentacles
a: End Transformation


You were on level 2 of the Dungeon.
One of your tentacles had grown a beastly spike.
You visited 1 branch of the dungeon, and saw 2 of its levels.

You collected 46 gold pieces.

Inventory:

Scrolls
 f - a scroll of enchant armour {unknown}
 g - a scroll of poison {unknown}
Potions
 a - a potion of lignification
 b - a potion of resistance {unknown}
 c - a potion of cancellation {unknown}
 d - a potion of heal wounds {unknown}
 e - 2 potions of degeneration {unknown}


   Skills:
 + Level 1.8 Fighting
 + Level 2.4 Dodging
 + Level 3.3 Unarmed Combat
 + Level 2.3 Spellcasting
 + Level 2.5 Transmutations


You had 5 spell levels left.
You knew the following spells:

 Your Spells              Type           Power      Damage    Failure   Level
a - Beastly Appendage     Tmut           20%        N/A       7%          1

Your spell library contained the following spells:

 Spells                   Type           Power      Damage    Failure   Level
 Wereblood                Tmut           10%        N/A       10%         2
 Freeze                   Ice            8%         1d3       19%         1
 Summon Small Mammal      Summ           8%         N/A       19%         1
 Spider Form              Tmut/Pois      6%         N/A       32%         3
 Call Canine Familiar     Summ           2%         N/A       50%         3
 Frozen Ramparts          Ice            4%         1d2       50%         3
 Portal Projectile        Hex/Tloc       4%         N/A       50%         3
 Stone Arrow              Conj/Erth      4%         3d7       50%         3
 Summon Guardian Golem    Hex/Summ       2%         N/A       50%         3
 Tukima's Dance           Hex            2%         N/A       50%         3
 Ice Form                 Ice/Tmut       6%         N/A       73%         4
 Hailstorm                Conj/Ice       2%         3d3       88%         4
 Blade Hands              Tmut           5%         N/A       88%         5
 Lehudib's Crystal Spear  Conj/Erth      1%         10d2      100%        8
 Animate Armour           Summ/Erth      Unusable   N/A       N/A         4

Dungeon Overview and Level Annotations

Branches:
Dungeon (2/15)

Altars:

Annotations:
D:2 Sigmund


Innate Abilities, Weirdness & Mutations

One of your tentacles has grown a beastly spike.
You cannot wear most types of armour.
You are amphibious.
You can wear up to eight rings at the same time.
Your skin changes colour to match your surroundings (Stealth+).
Your rubbery body absorbs attacks. (AC +1, EV +1)
((You are camouflaged when in or above water. (Stealth+)))
You have tentacles for arms and can constrict up to eight enemies at once.


Message History

One of your tentacles grows a vicious spike.
You tentacle-slap the dart slug but do no damage.
You grab the dart slug. You constrict the dart slug. The dart slug bites you.
You tentacle-slap the dart slug.
The dart slug is heavily wounded.
You constrict the dart slug. The dart slug launches a dart at you.
The slug dart hits you.
You tentacle-slap the dart slug but do no damage.
The dart slug is severely wounded.
You constrict the dart slug.
Something tries to affect you, but you resist.
You tentacle-slap the dart slug.
You kill the dart slug!
A hobgoblin comes into view.
You see here a dart slug corpse.
Found a scroll labelled VYACLE HAYLEPS.
There is a stone staircase leading down here.
The hobgoblin shouts!
You hear a shout!
A goblin comes into view. It is wielding a +0 club.
You see here a scroll labelled VYACLE HAYLEPS.
g - a scroll labelled VYACLE HAYLEPS Your transformation is almost over.
A magic dart appears from out of thin air!
The magic dart hits you! The goblin hits you with a +0 club.
You closely miss the goblin. Your grab misses the goblin.
You pierce the goblin.
You squeeze the goblin.
You kill the goblin!
You barely miss the hobgoblin. Your grab misses the hobgoblin.
Your tentacle spike misses the hobgoblin.
You squeeze the hobgoblin.
The hobgoblin is heavily wounded.
A bat comes into view.
The hobgoblin closely misses you.
You tentacle-slap the hobgoblin.
You kill the hobgoblin!
Something hits you!
Ouch! That really hurt!
You die...

## ##### #.. ..... #.#
... ### #.# . ... #.#
#.#### ####.#### #.#
#.....
........######.#####.####
#....@)...>.......#
####.####.#†######
#...{..#.##########
########.{........<
############


There were no monsters in sight!

Vanquished Creatures
  A gnoll (D:1)
  4 dart slugs
  A ball python (D:1)
  3 endoplasms (D:1)
  A giant cockroach (D:1)
  5 goblins
  3 hobgoblins
  2 kobolds (D:1)
  A quokka (D:1)
  8 bats (D:1)
  2 frilled lizards (D:1)
  2 rats (D:1)
33 creatures vanquished.

Notes
Turn   | Place    | Note
-------+----------+-------------------------------------------
     0 | D:1      | hquester the Octopode Transmuter began the quest for the
                  | Orb.
     0 | D:1      | Reached XP level 1. HP: 13/13 MP: 3/3
   368 | D:1      | Reached XP level 2. HP: 3/18 MP: 3/5
  1105 | D:1      | Reached XP level 3. HP: 23/23 MP: 4/6
  1108 | D:1      | Found a faded altar of an unknown god.
  1679 | D:2      | Noticed Sigmund
  1756 | D:2      | Slain by Sigmund

Illustrated notes

Levels and vault maps discovered:
D:1:      amcnicky_arrival_double_pillar, layout_rooms,
          shapermc_ecumenical_altar_petra, chequers_serial_rivers_marsh,
          minmay_tetromino_l2
D:2:      layout_loops_ring, serial_shops, shop, uniq_sigmund

Action                   || total
-------------------------++-------
Melee: Unarmed           ||    77
       Tentacles         ||    16
       Constrict         ||    25
       Kick              ||    14
       Punch             ||     2
 Cast: Beastly Appendage ||    19
Armor: Skin              ||    12
Dodge: Dodged            ||    56

Table legend: (Time is in decaauts)
 A = Elapsed time spent in this place.
 B = Non-inter-level travel time spent in this place.
 C = Inter-level travel time spent in this place.
 D = Time resting spent in this place.
 E = Time spent auto-exploring this place.
 F = Levels seen in this place.
 G = Mean time per level.
                   A        B        C        D        E       F      G
               +--------+--------+--------+--------+--------+-----+--------+
         Total |   1751 |   1720 |     31 |    722 |    629 |   2 |  875.5 |
       Dungeon |   1751 |   1720 |     31 |    722 |    629 |   2 |  875.5 |
               +--------+--------+--------+--------+--------+-----+--------+

Top non-repeatable levels by time:
     D:1: 1624 daAuts
     D:2: 127 daAuts
